 Dungeon Crawl Stone Soup version 0.14-a0-2340-g8df0fbc (webtiles) character file.

944 Malachi the Shield-Bearer (level 7, 0/37 HPs)
             Began as a Vine Stalker Fighter on Jan 30, 2014.
             Slain by Duvessa
             ... wielding a +2,+1 elven short sword of electrocution
              (17 damage)
             ... on Level 4 of the Dungeon.
             The game lasted 00:08:48 (3102 turns).

Malachi the Shield-Bearer (Vine Stalker Fighter)    Turns: 3102, Time: 00:08:49

HP   0/37        AC 13     Str 20      XL: 7   Next: 69%
MP   0/9         EV  5     Int  8      God:
Gold 229         SH 20     Dex 14      Spells:  0 memorised,  6 levels left

rFire  . . .     SeeInvis .     a - +1,+0 hand axe
rCold  . . .     Clarity  .     e - +0 orc chain mail
rNeg   + . .     Conserve .     c - +0 shield
rPois  .         rCorr    .     s - +2 hat
rElec  .         rRot     +     (no cloak)
SustAb + .       Spirit   +     D - +0 pair of gloves
rMut   .         Warding  +     B - +0 pair of orc boots
Saprov . . .     Stasis   .     f - amulet of warding
MR     .....                    (no ring)
                                y - ring of sustain abilities {unknown}

@: glowing, not resistant to hostile enchantments, extremely unstealthy
A: fangs 2, regeneration 2, magic shield, antimagic bite, no device heal
a: no special abilities


You were on level 4 of the Dungeon.
You were hungry.

You visited 1 branch of the dungeon, and saw 5 of its levels.

You collected 229 gold pieces.

Inventory:

Hand weapons
 a - a +1,+0 hand axe (weapon)
 x - a +0,+0 halberd
 z - a +0 blowgun
Missiles
 A - 2 poisoned needles
Armour
 c - a +0 shield (worn)
 e - a +0 orcish chain mail (worn)
 s - a +2 hat (worn)
 B - a +0 pair of orcish boots (worn)
 D - a +0 pair of gloves (worn)
Comestibles
 d - 7 bread rations
 i - a meat ration
 j - 2 rotting chunks of hobgoblin flesh
Scrolls
 h - a scroll of enchant weapon I
 k - 2 scrolls of remove curse {unknown}
 l - a scroll of fog {unknown}
 m - a scroll of immolation {unknown}
 q - a scroll of enchant armour {unknown}
 t - a scroll of curse jewellery {unknown}
 u - 3 scrolls of noise
 v - a scroll of blinking {unknown}
 C - 2 scrolls of amnesia {unknown}
Jewellery
 f - an amulet of warding (around neck)
 g - an uncursed amulet of resist mutation {unknown}
 w - an uncursed amulet of clarity {unknown}
 y - a ring of sustain abilities (left hand) {unknown}
Potions
 o - 2 potions of curing
 p - 2 potions of restore abilities
 F - a potion of might {unknown}
 H - a potion of resistance {unknown}
Books
 r - a book of Frost

   Spells                             Type                      Level
   Freeze                             Ice                          1
   Throw Frost                        Conjuration/Ice              2
   Ozocubu's Armour                   Charms/Ice                   3
   Throw Icicle                       Conjuration/Ice              4
   Summon Ice Beast                   Ice/Summoning                4
   Condensation Shield                Ice                          4


   Skills:
 * Level 4.2 Fighting
 * Level 3.9 Axes
 + Level 3.4 Armour
 + Level 2.6 Dodging
 + Level 4.6 Shields


You had 6 spell levels left.
You didn't know any spells.

Dungeon Overview and Level Annotations

Branches:
Dungeon (5/16)
 Temple: D:4-7

Altars:
Cheibriados
Dithmengos
Makhleb
Vehumet
Zin
The Shining One

Annotations:
D:4 Dowan, Duvessa


Innate Abilities, Weirdness & Mutations

You have extremely sharp teeth.
You heal very quickly.
When hurt, damage is shared between your health and your magic reserves.
Your bite disrupts and absorbs the magic of your enemies.
Potions and wands cannot restore your HP.


Message History

Duvessa is lightly wounded.
Duvessa barely misses you.
You miss Dowan. You hit Duvessa. You bite Duvessa. You drain her power.
You feel invigorated.
Duvessa is moderately wounded.
Dowan hits you but does no damage. Duvessa hits you but does no damage.
You are electrocuted!
You hit Duvessa but do no damage.
Duvessa is moderately wounded.
You miss Dowan. You block Dowan's attack. Duvessa hits you but does no damage.
You hit Dowan but do no damage. You completely miss Duvessa.
Your bite misses Duvessa.
Duvessa is moderately wounded.
Dowan points at you and mumbles some strange words.
You are outlined in light.
Duvessa closely misses you.
You hit Duvessa. Your bite misses Duvessa.
Duvessa is moderately wounded.
You closely miss Dowan. Dowan hits you but does no damage.
Duvessa hits you but does no damage.
You are electrocuted!
You die...

..#..$# ##........###
...#...#####............
..................#.#....
#................#.#....
##................#.#....
..e............#####......
..e............# ##......
#......#####ee....# .........
#......# #@.>...#.....#####
###......# #...####..........
#..... ..### #.................
##..... #...# ###....######.....
....... #...# ###....# ##...).
........##...###.........##....##
........>..[.....................
........e#.)%###.........##....##
............####.###.# # #......


You could see Duvessa and Dowan.

Vanquished Creatures
  A centaur (D:5)
  Blork the orc (D:4)
  A vampire bat (D:4)
  A crimson imp (D:5)
  2 orc priests
  A scorpion (D:4)
  3 worker ants
  A hound (D:3)
  5 gnolls
  5 adders
  A giant mite (D:1)
  An adder zombie (D:5)
  3 fire bats (D:4)
  4 giant geckos
  An ooze (D:1)
  10 orcs
  2 spectral bats (D:4)
  2 ball pythons
  19 bats
  3 bat skeletons (D:4)
  2 bat zombies
  4 giant cockroaches
  14 goblins
  10 hobgoblins
  8 jackals
  11 kobolds
  A bat simulacrum (D:4)
  A giant gecko skeleton (D:4)
  4 giant newts
  11 rats
133 creatures vanquished.

Notes
Turn   | Place    | Note
--------------------------------------------------------------
     0 | D:1      | Malachi, the Vine Stalker Fighter, began the quest for the Orb.
     0 | D:1      | Reached XP level 1. HP: 11/11 MP: 1/1
    87 | D:1      | Reached skill level 3 in Fighting
    87 | D:1      | Reached XP level 2. HP: 10/16 MP: 3/3
   319 | D:1      | Reached XP level 3. HP: 18/20 MP: 2/4
   798 | D:2      | Found a shadowy altar of Dithmengos.
   873 | D:2      | Reached XP level 4. HP: 24/24 MP: 5/5
   937 | D:2      | Found a snail-covered altar of Cheibriados.
   939 | D:2      | Found a burning altar of Makhleb.
   939 | D:2      | Found a glowing golden altar of the Shining One.
  1190 | D:2      | Reached XP level 5. HP: 28/28 MP: 7/7
  1224 | D:2      | Reached skill level 1 in Dodging
  1342 | D:2      | Found a radiant altar of Vehumet.
  1342 | D:2      | Found a glowing silver altar of Zin.
  1764 | D:3      | Gained mutation: You heal very quickly. [vine stalker growth]
  1764 | D:3      | Reached XP level 6. HP: 26/33 MP: 6/8
  2151 | D:4      | Reached skill level 4 in Shields
  2210 | D:4      | Reached XP level 7. HP: 29/37 MP: 9/9
  2367 | D:4      | Noticed Blork the orc
  2380 | D:4      | Killed Blork the orc
  2422 | D:4      | Noticed Dowan
  2423 | D:4      | Noticed Duvessa
  2462 | D:5      | Entered Level 5 of the Dungeon
  3091 | D:4      | Paralysed by a potion of paralysis for 4 turns
  3102 | D:4      | Slain by Duvessa

Action                   |  1- 3 |  4- 6 |  7- 9 || total
-------------------------+-------+-------+-------++-------
Melee: Hand axe          |   101 |   192 |   132 ||   425
  Use: Scroll            |     2 |     1 |       ||     3
       Potion            |       |       |     4 ||     4
